 Dungeon Crawl Stone Soup version 0.29.1-15-g9cfb28693d (webtiles) character file.

Game seed: 14435834423303791519

16531 CabbageHands the Fencer (level 12, -2/91 HPs)
             Began as a Demonspawn Berserker on Apr 10, 2023.
             Was an Elder of Trog.
             Slain by a polar bear (13 damage)
             ... on level 11 of the Dungeon.
             The game lasted 00:33:19 (14643 turns).

CabbageHands the Fencer (Demonspawn Berserker)     Turns: 14643, Time: 00:33:21

Health: -2/91      AC: 16    Str: 27    XL:     12   Next: 10%
Magic:  12/12      EV: 12    Int: 14    God:    Trog [****..]
Gold:   763        SH:  0    Dex: 11    Spells: 11/11 levels left

rFire   + . .      SeeInvis +   G - +1 great sword
rCold   . . .      Faith    .   (shield currently unavailable)
rNeg    . . .      Spirit   .   H - +4 scale mail "Satzic" {rPois rF+ Str+7 Dex-3}
rPois   +          Reflect  .   (no helmet)
rElec   .          Harm     .   B - +2 cloak
rCorr   .          Rampage  .   (no gloves)
Will    .....      Clarity  +   a - +1 pair of boots
Stlth   ..........              (no amulet)
HPRegen 0.25/turn               e - ring of see invisible
MPRegen 0.13/turn               D - ring of poison resistance

@: no status effects
A: powered by pain 2, spiny 1, big brain 2, weakness stinger 2, clarity
a: Renounce Religion, Berserk, Trog's Hand, Brothers in Arms


You were on level 11 of the Dungeon.
You worshipped Trog.
Trog was greatly pleased with you.
You visited 1 branch of the dungeon, and saw 11 of its levels.
You also visited: Sewer.

You collected 763 gold pieces.

Inventory:

Hand Weapons
 j - a +3 falchion of draining
 G - a +1 great sword (weapon)
Missiles
 t - 48 poisoned darts (quivered)
Armour
 a - a +1 pair of boots (worn)
 B - a +2 cloak (worn)
 H - the +4 scale mail "Satzic" (worn) {rPois rF+ Str+7 Dex-3}
   (You found it on level 10 of the Dungeon)

   Str:       It affects your strength (+7).
   Dex:       It affects your dexterity (-3).
   rF:        It protects you from fire.
   rPois:     It protects you from poison.
Jewellery
 e - a ring of see invisible (left hand)
 l - a ring of protection from fire
 D - a ring of poison resistance (right hand)
Wands
 b - a wand of flame (3)
 i - a wand of digging (5)
 v - a wand of iceblast (3)
 x - a wand of acid (11)
Scrolls
 g - 2 scrolls of torment
 m - 3 scrolls of blinking
 o - 3 scrolls of teleportation
 q - 2 scrolls of immolation
 r - 3 scrolls of butterflies
 w - a scroll of noise
 y - 2 scrolls of summoning
 A - a scroll of identify
Potions
 c - 4 potions of curing
 d - 2 potions of resistance
 f - 2 potions of haste
 h - 2 potions of mutation
 k - 2 potions of heal wounds
 n - 3 potions of magic
 p - 6 potions of brilliance
 s - a potion of invisibility
 u - 2 potions of might
 z - 2 potions of lignification
 C - a potion of berserk rage
 E - a potion of cancellation


   Skills:
 + Level 7.3 Fighting
 * Level 15.0 Long Blades
 - Level 5.0 Armour
 - Level 5.1 Dodging
 - Level 5.7 Evocations


You had 11 spell levels left.
You didn't know any spells.
Your spell library was empty.

Dungeon Overview and Level Annotations

Branches:
Dungeon (11/15)            Temple (0/1) D:5            Lair (0/5) D:9
    Orc (0/2) D:10          Sewer (visited)

Altars:
Ashenzari
Cheibriados
Dithmenos
Fedhas
Kikubaaqudgha
Nemelex Xobeh
Qazlal
Ru
Wu Jian
Xom
Yredelemnul

Shops:
D:2 [

Portals:
Ice
Cave: D:11


Innate Abilities, Weirdness & Mutations

You sometimes gain power by taking damage.
You are partially covered in sharp spines.
You have an extremely huge brain. (Int +4)
You have a tail ending in a sharp stinger.
You possess an exceptional clarity of mind.


Message History

You slice the polar bear!! You tail-slap the polar bear.
The polar bear is heavily wounded.
The polar bear is struck by your spines.
The polar bear bites you but does no damage.
The polar bear claws you but does no damage. x2
You barely miss the polar bear.
Your tail-slap misses the polar bear.
The polar bear is severely wounded.
You recover from your berserk rage.
The polar bear misses you.
The polar bear claws you but does no damage.
The polar bear misses you.
You barely miss the polar bear.
You tail-slap the polar bear, but do no damage.
The polar bear is severely wounded.
The polar bear bites you!
* * * LOW HITPOINT WARNING * * *
The polar bear closely misses you. The polar bear barely misses you.
You slash the polar bear!
The polar bear is almost dead.
The polar bear goes berserk!
You hit the polar bear but do no damage.
The polar bear is almost dead.
The polar bear bites you!
* * * LOW HITPOINT WARNING * * *
The polar bear claws you but does no damage. x2
The polar bear is struck by your spines.
The polar bear closely misses you. The polar bear claws you.
* * * LOW HITPOINT WARNING * * *
The polar bear claws you but does no damage.
You feel much better.
The polar bear is struck by your spines.
The polar bear barely misses you.
The polar bear claws you but does no damage. x2
You barely miss the polar bear.
The polar bear is almost dead.
The polar bear bites you!!
* * * LOW HITPOINT WARNING * * *
The polar bear claws you but does no damage. x2
The polar bear bites you!
You die...

##### ..... ###
.... #...# ###
#..#
...[..###.###..#
..∩...h@†#.##..#
#
.....#.####....#
.# .# #.. ##
##)..###.#..#. #
##...........
#....†.....#
##..<##.##.#
#...# # ##..# >#
# ##..##.##..


You could see a polar bear (berserk).

Vanquished Creatures
  The ghost of javelincjr the Destroyer, a journeyman GnCj of Sif Muna (D:10)
  A two-headed ogre (D:9)
  A dancing weapon (D:10)
  2 manticores
  Maurice (D:10)
  5 centaur zombies (D:10)
  2 kobold demonologists (D:10)
  A rime drake (D:11)
  A komodo dragon (D:9)
  2 unseen horror zombies (D:10)
  A polar bear (D:11)
  2 trolls (D:10)
  4 hornets
  Grinder (Sewer)
  A shadow (D:9)
  A wraith (D:10)
  18 yaks
  A vampire (D:11)
  2 steam dragons
  6 vampire mosquitoes (D:11)
  Edmund (D:5)
  7 water moccasins
  3 orc warriors
  2 acid dragons (D:10)
  2 sky beasts (D:7)
  3 black bears
  An ice beast (D:5)
  A wolf (D:11)
  3 centaurs
  4 kobold brigands
  A gnoll sergeant (D:10)
  4 necrophages
  6 bullfrogs
  A scorpion (D:9)
  8 wights
  2 killer bees (D:9)
  5 howler monkeys
  6 hounds
  A human zombie (D:10)
  3 jellies
  6 orc priests
  3 iguanas
  11 orc wizards
  A howler monkey zombie (D:10)
  11 adders
  4 gnolls (D:10)
  5 shadow imps
  A white imp (D:6)
  3 ufetubi (Sewer)
  An adder zombie (Sewer)
  6 worms
  3 dart slugs
  36 orcs
  5 bats
  7 endoplasms
  11 giant cockroaches
  9 goblins
  8 hobgoblins
  4 jackals (D:4)
  6 quokkas
  15 ball pythons
  31 kobolds
  A kobold zombie (Sewer)
  5 rats
311 creatures vanquished.

Vanquished Creatures (others)
  39 fungi (D:9)
  56 plants (D:9)
95 creatures vanquished.

Grand Total: 406 creatures vanquished

Notes
Turn   | Place    | Note
-------+----------+-------------------------------------------
     0 | D:1      | CabbageHands the Demonspawn Berserker began the quest for
                  | the Orb.
     0 | D:1      | Reached XP level 1. HP: 18/18 MP: 1/1
   344 | D:1      | Reached skill level 3 in Long Blades
   357 | D:1      | Gained mutation: You have an unusually large brain. (Int
                  | +2) [demonic ancestry]
   357 | D:1      | Reached XP level 2. HP: 8/24 MP: 2/2
  1420 | D:2      | Found a faded altar of an unknown god.
  1437 | D:1      | Gained mutation: You have an extremely huge brain. (Int +4)
                  | [demonic ancestry]
  1437 | D:1      | Reached XP level 3. HP: 18/29 MP: 3/3
  1972 | D:2      | Found Vyhour's Antique Armour Shop.
  2600 | D:2      | Reached ** piety under Trog
  2601 | D:2      | Reached skill level 4 in Long Blades
  2714 | D:2      | Gained mutation: You have a small tail. [demonic ancestry]
  2714 | D:2      | Reached XP level 4. HP: 31/35 MP: 4/4
  3794 | D:4      | Gained mutation: You sometimes gain a little power by
                  | taking damage. [demonic ancestry]
  3794 | D:4      | Reached XP level 5. HP: 30/41 MP: 5/5
  4044 | D:4      | Reached skill level 5 in Long Blades
  4263 | D:4      | Noticed a black bear
  4275 | D:4      | Killed a black bear
  4276 | D:4      | Gained mutation: You are partially covered in sharp spines.
                  | [demonic ancestry]
  4276 | D:4      | Reached XP level 6. HP: 47/47 MP: 6/6
  4684 | D:4      | Found a broken altar of Ashenzari.
  4755 | D:4      | Reached skill level 6 in Long Blades
  4826 | D:4      | Found a blossoming altar of Fedhas.
  5169 | D:5      | Entered Level 5 of the Dungeon
  5169 | D:5      | Noticed Edmund
  5178 | D:5      | Killed Edmund
  5179 | D:5      | Reached XP level 7. HP: 52/52 MP: 7/7
  5522 | D:5      | Found an ornate altar of the Wu Jian Council.
  5559 | D:5      | Found a staircase to the Ecumenical Temple.
  5695 | D:5      | Reached *** piety under Trog
  5971 | D:5      | Reached skill level 7 in Long Blades
  6126 | D:5      | Found a shimmering altar of Xom.
  6151 | D:5      | Reached skill level 5 in Armour
  6499 | D:6      | Found a glowing drain.
  6506 | D:6      | Reached XP level 8. HP: 58/58 MP: 8/8
  6523 | Sewer    | Entered a sewer
  6708 | Sewer    | Found an ancient bone altar of Kikubaaqudgha.
  6772 | Sewer    | Noticed Grinder
  6795 | Sewer    | Killed Grinder
  6796 | Sewer    | Reached skill level 8 in Long Blades
  6835 | Sewer    | Reached **** piety under Trog
  7488 | D:6      | Reached skill level 9 in Long Blades
  7792 | D:7      | Reached XP level 9. HP: 63/63 MP: 9/9
  7826 | D:7      | Reached skill level 10 in Long Blades
  7826 | D:7      | Reached skill level 5 in Dodging
  7932 | D:7      | Paralysed by a hornet for 2 turns
  7937 | D:7      | Paralysed by a hornet for 1 turns
  7939 | D:7      | Reached skill level 1 in Evocations
  8296 | D:7      | Found a shadowy altar of Dithmenos.
  8970 | D:8      | Reached skill level 11 in Long Blades
  9416 | D:8      | Reached XP level 10. HP: 48/70 MP: 10/10
 10359 | D:9      | Noticed a manticore
 10373 | D:9      | Killed a manticore
 10473 | D:9      | Found a sacrificial altar of Ru.
 10487 | D:9      | Found a stormy altar of Qazlal.
 10496 | D:9      | Reached skill level 12 in Long Blades
 10499 | D:9      | Reached skill level 5 in Evocations
 10846 | D:9      | Found a basalt altar of Yredelemnul.
 11022 | D:9      | Found an ornate altar of the Wu Jian Council.
 11269 | D:9      | Found a snail-covered altar of Cheibriados.
 11867 | D:9      | Noticed a two-headed ogre
 11878 | D:9      | Killed a two-headed ogre
 11879 | D:9      | Reached skill level 13 in Long Blades
 11879 | D:9      | Gained mutation: You sometimes gain power by taking damage.
                  | [demonic ancestry]
 11879 | D:9      | Reached XP level 11. HP: 43/77 MP: 11/11
 12104 | D:9      | Found a staircase to the Lair.
 12480 | D:10     | Entered Level 10 of the Dungeon
 12496 | D:10     | Found a staircase to the Orcish Mines.
 12670 | D:10     | Identified the +4 scale mail "Satzic" {rPois rF+ Str+7
                  | Dex-3}
 12903 | D:10     | Noticed Maurice
 12912 | D:10     | Killed Maurice
 12913 | D:10     | Reached skill level 5 in Fighting
 12923 | D:10     | Gained mutation: You occasionally lose the ability to drink
                  | potions when taking damage. [potion of mutation]
 12923 | D:10     | Gained mutation: You sometimes lose your temper in combat.
                  | [potion of mutation]
 12924 | D:10     | Lost mutation: You sometimes lose your temper in combat.
                  | [potion of mutation]
 12924 | D:10     | Lost mutation: You occasionally lose the ability to drink
                  | potions when taking damage. [potion of mutation]
 12924 | D:10     | Gained mutation: You possess an exceptional clarity of
                  | mind. [potion of mutation]
 13122 | D:10     | Found a runed translucent door.
 13123 | D:10     | Found a shimmering altar of Xom.
 13123 | D:10     | Noticed javelincjr's ghost (journeyman GnCj)
 13124 | D:10     | Noticed a +0 quarterstaff of chaos
 13152 | D:10     | Killed a +0 quarterstaff of chaos
 13162 | D:10     | Killed javelincjr's ghost
 13648 | D:10     | Found a sparkling altar of Nemelex Xobeh.
 13797 | D:10     | Reached skill level 14 in Long Blades
 14143 | D:10     | Found an ancient bone altar of Kikubaaqudgha.
 14148 | D:10     | Reached ***** piety under Trog
 14604 | D:11     | Gained mutation: You have a tail ending in a sharp stinger.
                  | [demonic ancestry]
 14604 | D:11     | Reached XP level 12. HP: 91/91 MP: 12/12
 14609 | D:11     | Found a frozen archway.
 14630 | D:11     | Reached skill level 15 in Long Blades
 14643 | D:11     | Slain by a polar bear

Illustrated notes

Levels and vault maps discovered:
D:1:      dpeg_arrival_rooms_b, layout_basic
D:2:      minmay_chambers_of_ones, layout_basic, serial_shops, shop,
          ebering_ecumenical_altar_mist, hangedman_abyss_or_decor_lesser_grid,
          kennysheep_cross_bottleneck
D:3:      layout_rooms
D:4:      kennysheep_big_flooded_room, layout_gridville,
          mainiacjoe_overflow_brackets, mainiacjoe_overflow_surrounded_room
D:5:      layout_gridville, mainiacjoe_overflow_concentric_impassable,
          elyvilon_altar_3, mainiacjoe_overflow_catch_the_wave,
          minmay_temple_entry_stoned_glass, uniq_edmund
D:6:      layout_basic, gup_sewer_entry_pipe
D:7:      layout_loops_ring, grunt_dithmenos_smoke, minmay_statues_item,
          dk_vineyard_1
D:8:      layout_cave_pods, minmay_door_square
D:9:      layout_loops_ring, lemuel_crystal_altar,
          mainiacjoe_overflow_small_starburst, mainiacjoe_overflow_alcove_1,
          due_lair_maze_entry_diamond, hangedman_feature_mirror,
          minmay_misc_feat_alley
D:10:     layout_loops_ring, lemuel_crystal_altar,
          lemuel_mausoleum_altar_kikubaaqudgha, orc_0_dummy, ebering_ghost_xom,
          uniq_maurice
D:11:     layout_loops_ring, portal_ice_cave_entry_animals_and_master,
          cheibriados_altar_1

Skill      XL: |  1  2  3  4  5  6  7  8  9 10 11 12 |
---------------+-------------------------------------+-----
Long Blades    | 3 4 5 6 7 9 11 13 14 15 | 15.0
Armour         | 2 3 4 5 |  5.0
Dodging        | 2 4 5 |  5.1
Evocations     | 3 5 |  5.7
Fighting       | 4 7 |  7.3

Action                   |  1- 3 |  4- 6 |  7- 9 | 10-12 || total
-------------------------+-------+-------+-------+-------++-------
Melee: Falchion          |   151 |   150 |   273 |    92 ||   666
       Tailslap          |       |    19 |    34 |    70 ||   123
       Punch             |       |     1 |     2 |       ||     3
       Great sword       |       |       |       |   286 ||   286
Throw: Dart              |       |    13 |     1 |     1 ||    15
Invok: Berserk           |     2 |     7 |     6 |     8 ||    23
       Trog's Hand       |       |       |     4 |     3 ||     7
Evoke: Wand              |       |       |       |     7 ||     7
  Use: Scroll            |       |    11 |     5 |    10 ||    26
       Potion            |       |     1 |     2 |     3 ||     6
 Stab: Sleeping          |     4 |       |       |       ||     4
Armor: Animal skin       |     9 |       |       |       ||     9
       Leather armour    |     7 |       |       |       ||     7
       Ring mail         |    20 |    57 |    56 |    38 ||   171
       Scale mail        |       |       |       |   121 ||   121
Dodge: Dodged            |    87 |   101 |   134 |   241 ||   563
